 Dungeon Crawl Stone Soup version 0.27-a0-1332-g84bddb5ca7 (webtiles) character file.

Game seed: 14750459523651982406

74 Sobieck the Chopper (level 4, -1/41 HPs)
             Began as a Hill Orc Monk on June 25, 2021.
             Slain by Robin (8 damage)
             ... on level 2 of the Dungeon.
             The game lasted 00:05:37 (3022 turns).

Sobieck the Chopper (Hill Orc Monk)                 Turns: 3022, Time: 00:05:38

Health: -1/41      AC:  5    Str: 14    XL:     4   Next: 30%
Magic:  4/4        EV: 12    Int: 10    God:
Gold:   52         SH:  0    Dex: 13    Spells: 3/3 levels left

rFire    . . .     SeeInvis +   a - +0 hand axe {axe}
rCold    . . .     Faith    .   (no shield)
rNeg     . . .     Spirit   .   h - +0 robe
rPois    .         Reflect  .   f - +0 helmet
rElec    .         Harm     .   m - +0 cloak
rCorr    .         Rampage  .   e - +0 pair of gloves
Will     .....                  (no boots)
Stlth    ++........             (no amulet)
HPRegen  0.13/turn              k - ring of flight
MPRegen  0.09/turn              l - ring of see invisible

@: flying
A: no striking features
a: no special abilities


You were on level 2 of the Dungeon.
You visited 1 branch of the dungeon, and saw 3 of its levels.

You collected 52 gold pieces.


   Skills:
 + Level 4.3 Fighting
 * Level 5.4 Axes
 + Level 1.8 Armour
 - Level 2.4 Dodging
 - Level 1.5 Stealth


You had 3 spell levels left.
You didn't know any spells.
Your spell library contained the following spells:

 Spells                   Type           Power      Damage    Failure   Level
 Summon Small Mammal      Summ           0%         N/A       36%         1
 Call Imp                 Summ           0%         N/A       50%         2
 Call Canine Familiar     Summ           0%         N/A       75%         3
 Summon Guardian Golem    Hex/Summ       0%         N/A       75%         3
 Summon Ice Beast         Ice/Summ       0%         N/A       98%         4
 Summon Lightning Spire   Summ/Air       0%         N/A       98%         4

Inventory:

Hand Weapons
 a - a +0 hand axe (weapon) {axe}
 b - a +0 hunting sling {sling}
   (You found it on level 1 of the Dungeon)
 g - a +1 dagger of flaming {short}
   (You took it off a goblin on level 1 of the Dungeon)
Missiles
 c - 60 stones (quivered) {throwing}
 j - 10 sling bullets
Armour
 e - a +0 pair of gloves (worn)
   (You found it on level 1 of the Dungeon)
 f - a +0 helmet (worn)
   (You found it on level 2 of the Dungeon)
 h - a +0 robe (worn)
 m - a +0 cloak (worn)
   (You found it on level 2 of the Dungeon)
Jewellery
 k - a ring of flight (left hand)
   (You found it on level 2 of the Dungeon)
 l - a ring of see invisible (right hand)
   (You found it on level 2 of the Dungeon)
Scrolls
 i - a scroll of fog
 n - 2 scrolls of teleportation {@r4}
Potions
 d - a potion of haste {@q3}

Dungeon Overview and Level Annotations

Branches:
Dungeon (3/15)

Altars:

Shops:
D:2 [

Annotations:
D:2 Robin

########....###.........##...).##
....####....###.#........##8.8###
..#.........#...#.........##'##..
#...###.#####.####.............##
.##..##...##..# ##.....(......##
......##.....## ######.(........
......#8.....# #>..(...........
......##..#..#####...........####
......##..##...)@g..........#....
......##..#######.......#........
......#8..# #.#.#.#.#.#......
......##..#######.....#..#.......
......##..............#..#....[≈≈
......##..............#..#....≈._
......#8###8###8#........#.....≈≈
#.#.#.###########....#...#.......
#.#........# #...>.....##.#......


You could see Robin.


Message History

n - 3 scrolls labelled SOTENG YSYOMAOT
As you read the scroll labelled SOTENG YSYOMAOT, it crumbles to dust.
You feel strangely unstable.
It was a scroll of teleportation.
Your surroundings suddenly seem different.
Done exploring.
Done exploring.
(D) Dungeon
Where to? (Enter - D:1 @ (x,y), ? - help)
You see here a +0 dagger {short}.
Things that are here:
a +0 hunting sling {sling}; a +0 club {mace}; a goblin skeleton A goblin comes into view.
It is wielding a +0 club.
A hobgoblin comes into view.
You shoot a sling bullet. The hobgoblin shouts!
The goblin shouts!
The sling bullet hits the hobgoblin but does no damage.
You shoot a sling bullet.
The sling bullet closely misses the hobgoblin.
You shoot a sling bullet.
The sling bullet barely misses the hobgoblin.
The ball python hisses angrily.
You shoot a sling bullet.
The sling bullet closely misses the hobgoblin.
Robin shouts!
Robin roars a battlecry!
The goblins go into a battle-frenzy!
a - a +0 hand axe (weapon)
{axe} The hobgoblin barely misses you.
The goblin barely misses you.
You hit the hobgoblin. You barely miss the goblin.
The goblin hits you with a +0 club.
The hobgoblin barely misses you. 😕 HP[-5]
You take 5 damage, and now have 36/41 hp.
You hit the hobgoblin.
You kill the hobgoblin!
You barely miss the goblin. The goblin barely misses you.
The goblin shouts!
You hit the ball python but do no damage.
You hit the goblin.
The ball python bites you but does no damage.
The ball python closely misses you.
The goblin hits you with a +0 club. 😕 HP[-3]
You take 3 damage, and now have 33/41 hp.
You closely miss the goblin. You hit the ball python.
You kill the ball python!
The goblin completely misses you. Robin throws the goblin at you!
You closely miss the goblin. The goblin closely misses you.
You slash the goblin!
You kill the goblin!
You closely miss Robin. Robin hits you with a +0 mace. 😮 HP[-6]
You take 6 damage, and now have 27/41 hp.
You are too injured to fight recklessly!
You are too injured to fight recklessly!
You are too injured to fight recklessly!
Unknown command.
You hit Robin but do no damage. Robin hits you with a +0 mace. 😮 HP[-3]
You take 3 damage, and now have 24/41 hp.
You completely miss Robin.
Robin throws the goblin at you! 😮 HP[+1]
You hit Robin. You hit the goblin but do no damage.
The goblin completely misses you. Robin completely misses you.
You slash Robin! You closely miss the goblin.
The goblin hits you with a +1 dagger of protection.
Robin hits you with a +0 mace.
* * * LOW HITPOINT WARNING * * *
The goblin hits you but does no damage. 😨 HP[-6]
You take 6 damage, and now have 19/41 hp.
You closely miss Robin. You hit the goblin. Robin misses you.
The goblin hits you but does no damage.
Unknown command.
You hit Robin. You barely miss the goblin. Robin hits you but does no damage.
The goblin barely misses you.
You hit Robin but do no damage. You barely miss the goblin.
The goblin no longer looks unusually strong.
Robin says, "My goblins will feast on your bones."
Robin roars a battlecry!
The goblin goes into a battle-frenzy!
The goblin hits you with a +1 dagger of protection.
* * * LOW HITPOINT WARNING * * *
😨 HP[-3]
You take 3 damage, and now have 16/41 hp.
Unknown command.
You closely miss Robin. You hit the goblin.
You kill the goblin!
Robin hits you with a +0 mace!
* * * LOW HITPOINT WARNING * * *
😱 HP[-10]
You take 10 damage, and now have 6/41 hp.
MASSIVE DAMAGE!! (PAUSE)
You hit Robin.
Robin drinks a potion.
Robin is healed!
You hit Robin. Robin completely misses you. 😱 HP[+1]
You barely miss Robin. Robin closely misses you.
You hit Robin. Robin hits you with a +0 mace!
You die...

Skill      XL: |  1  2  3 |
---------------+----------+-----
Armour         | 1 |  1.8
Fighting       | 4 |  4.3
Axes           | 5 |  5.4
Dodging        | |  2.4
Stealth        | |  1.5

Action                   |  1- 3 |  4- 6 || total
-------------------------+-------+-------++-------
Melee: Hand axe          |    94 |    24 ||   118
 Fire: Hunting sling     |    18 |    18 ||    36
Throw: Stone             |    16 |       ||    16
  Use: Scroll            |     3 |     2 ||     5
 Stab: Sleeping          |     2 |       ||     2
Armor: Robe              |    34 |     8 ||    42
Dodge: Dodged            |    71 |    17 ||    88

Levels and vault maps discovered:
D:1:      lemuel_arrival_river_ford, layout_loops_corners, serial_forest,
          infiniplex_forest_clump_double, infiniplex_forest_lined_3,
          infiniplex_forest_clump_C, infiniplex_forest_clump_tiny,
          infiniplex_forest_clump_double, infiniplex_forest_fountain,
          infiniplex_forest_clump_tiny
D:2:      minmay_evil_eye, layout_rooms, serial_shops, shop,
          serial_corexii_hall, chequers_hall_statues_wall_a,
          chequers_hall_statues_corner_a,
          shapermc_ecumenical_altar_starsandcircs, chequers_serial_rivers_marsh,
          dk_noncrumbling_4, uniq_robin
D:3:      layout_loops_ring, ebering_ghost_sewer_d, grunt_ministairs_8,
          kennysheep_generic_room_9

Notes
Turn   | Place    | Note
-------+----------+-------------------------------------------
     0 | D:1      | Sobieck the Hill Orc Monk began the quest for the Orb.
     0 | D:1      | Reached XP level 1. HP: 19/19 MP: 1/1
     0 | D:1      | magus.rc [v1.9.6]
   231 | D:1      | Reached XP level 2. HP: 18/27 MP: 2/2
   657 | D:1      | Reached skill level 1 in Armour
   916 | D:2      | Reached skill level 4 in Fighting
  1438 | D:2      | Reached XP level 3. HP: 31/33 MP: 3/3
  1451 | D:2      | Reached skill level 5 in Axes
  1593 | D:2      | Found a faded altar of an unknown god.
  1614 | D:2      | Found Riweanar's Antique Armour Emporium.
  1824 | D:2      | You pick up a book of Callings and begin reading...
  1824 | D:2      | You add the spells Summon Small Mammal, Call Imp, Call
                  | Canine Familiar, Summon Guardian Golem, Summon Lightning
                  | Spire and Summon Ice Beast to your library.
  2088 | D:2      | Noticed Robin
  2105 | D:1      | HP: 8/33 [goblin[Robin] (3)]
  2466 | D:2      | Reached XP level 4. HP: 34/40 MP: 4/4
  3018 | D:2      | HP: 6/41 [Robin (10)]
  3022 | D:2      | Slain by Robin

Vanquished Creatures
  2 adders (D:2)
  6 ball pythons
  3 bats
  An endoplasm (D:2)
  4 hobgoblins
  10 jackals (D:1)
  A quokka (D:2)
  3 frilled lizards
  13 goblins
  5 kobolds
48 creatures vanquished.

Vanquished Creatures (others)
  A plant (D:1)
1 creature vanquished.

Grand Total: 49 creatures vanquished

Table legend:
 A = Non-vault XP
 B = Vault XP
 C = Vault XP percentage of total XP
 D = Non-vault monster count
 E = Vault monster count
 F = Vault count percentage of total count
                 A         B        C        D         E       F
            +---------+---------+-------+---------+---------+-------
      Total |      81 |      26 |  24.3 |      34 |      14 |  29.2
            +---------+---------+-------+---------+---------+-------
        D:1 |      36 |      13 |  26.5 |      21 |       7 |  25.0
        D:2 |      45 |      13 |  22.4 |      13 |       7 |  35.0
            +---------+---------+-------+---------+---------+-------

Illustrated notes

Table legend:
 A = Kills in this place as a percentage of kills in entire the game.
 B = Kills by you in this place as a percentage of kills by you in the entire game.
 C = Kills by friends in this place as a percentage of kills by friends in the entire game.
 D = Other kills in this place as a percentage of other kills in the entire game.
 E = Experience gained in this place as a percentage of experience gained in the entire game.
 F = Experience gained in this place divided by the number of levels of this place that you have seen.
                   A       B       C       D       E      F
               +-------+-------+-------+-------+-------+----------------------
         Total | 100.0 | 100.0 |   N/A |   N/A | 100.0 |  35.7
       Dungeon | 100.0 | 100.0 |   N/A |   N/A | 100.0 |  35.7
               +-------+-------+-------+-------+-------+----------------------

Table legend: (Time is in decaauts)
 A = Elapsed time spent in this place.
 B = Non-inter-level travel time spent in this place.
 C = Inter-level travel time spent in this place.
 D = Time resting spent in this place.
 E = Time spent auto-exploring this place.
 F = Levels seen in this place.
 G = Mean time per level.
                   A        B        C        D        E       F      G
               +--------+--------+--------+--------+--------+-----+--------+
         Total |   3042 |   2834 |    208 |    933 |   1468 |   3 | 1014.0 |
       Dungeon |   3042 |   2834 |    208 |    933 |   1468 |   3 | 1014.0 |
               +--------+--------+--------+--------+--------+-----+--------+

Top non-repeatable levels by time:
     D:1: 2021 daAuts
     D:2: 1011 daAuts
     D:3: 9 daAuts
